 Dungeon Crawl Stone Soup version 0.32-a0-119-g2e8054a333 (webtiles) character file.

Game seed: 8642049332246882602

58 Newt the Shooter (level 4, -11/28 HPs)
             Began as a Kobold Hunter on Feb 6, 2024.
             Mangled by a gnoll
             ... wielding a +0 halberd
              (15 damage)
             ... on level 2 of the Dungeon.
             The game lasted 00:01:26 (1910 turns).

Newt the Shooter (Kobold Hunter)                    Turns: 1910, Time: 00:01:26

Health: -11/28     AC:  3    Str:  8    XL:     4   Next: 20%
Magic:  4/4        EV: 14    Int: 10    God:
Gold:   118        SH:  0    Dex: 20    Spells: 3/3 levels left

rFire   + . .        a - +0 shortbow
rCold   . . .        (shield currently unavailable)
rNeg    . . .        c - +0 leather armour
rPois   .            (no helmet)
rElec   .            d - scarf {harm}
rCorr   .            (no gloves)
SInv    .            (no boots)
Will    .....        (no amulet)
Stlth   +++          g - ring of protection from fire
HPRegen 0.24/turn    (no ring)
MPRegen 0.09/turn

%: harm (+30% outgoing, +20% incoming)
@: no status effects
A: small, no large weapons, nightstalker 3
a: no special abilities


You were on level 2 of the Dungeon.
You visited 1 branch of the dungeon, and saw 2 of its levels.

You collected 118 gold pieces.

Inventory:

Hand Weapons
 a - a +0 shortbow (weapon)
Armour
 c - a +0 leather armour (worn)
 d - a scarf of harm (worn)
Jewellery
 g - a ring of protection from fire (left hand)
Scrolls
 f - a scroll of fear {unknown}
 h - 2 scrolls of fog
 i - 3 scrolls of poison {unknown}
Potions
 b - a potion of haste {unknown}
 e - a potion of degeneration {unknown}


   Skills:
 + Level 3.1 Fighting
 * Level 6.6 Ranged Weapons
 - Level 2.4 Dodging
 - Level 1.3 Stealth


You had 3 spell levels left.
You didn't know any spells.
Your spell library was empty.

Dungeon Overview and Level Annotations

Branches:
Dungeon (2/15)

Altars:


Innate Abilities, Weirdness & Mutations

You are small and have problems with some larger weapons.
You are completely attuned to the shadows.


Message History

A dart slug is nearby!
You shoot an arrow. The arrow hits the dart slug.
The dart slug is severely wounded.
You shoot an arrow. The arrow hits the dart slug!
You kill the dart slug!
A rat comes into view.
You shoot an arrow. The arrow hits the rat!
You kill the rat!
No target in view!
You see here a rat corpse.
There is an escape hatch in the floor here.
A gnoll is nearby!
You shoot an arrow. The arrow closely misses the gnoll.
The gnoll shouts!
You hear a shout!
The gnoll throws a stone.
The stone closely misses you.
A gnoll is nearby!
You shoot an arrow.
The arrow hits the gnoll but does no damage.
You shoot an arrow.
The arrow hits the gnoll but does no damage.
The gnoll hits you from afar with a +0 halberd!
Ouch! That really hurt!
You are too injured to fight recklessly!
You are too injured to fight recklessly!
Unknown command.
Fire: a) +0 shortbow
Press: ? - help, Shift-Dir - straight line, f/p - gnoll
Aim: a gnoll, wielding a +0 halberd and quivering stones (69% to hit)
You shoot an arrow. The arrow hits the gnoll.
The gnoll is lightly wounded.
The gnoll hits you from afar with a +0 halberd!
* * * LOW HITPOINT WARNING * * *
Unknown command.
Okay, then.
As you read the scroll labelled TEHEGE ZUDAU, it dissolves into smoke.
It was a scroll of fog.
The gnoll shouts!
The gnoll hits you from afar with a +0 halberd!
Ouch! That really hurt!
You die...

######.#.#.#..........#
######.#.#.#.........<#
.........#.#..........#
######.###)#..........#
#......#..........##########
#..#####..................(#
#####..# #..§.§.§............#
.......# #...§§§.............#
#####.### #...§@§g.g..........#
##......# #.########..........#
##.##.#.# #.# ........#
##.#..#.####.# ........#
##...<#.#..#.# ........#
#######.#....# ........#
..[.....#....# .......#
#########....# .....#.#
#...........>#################.#


You could see 2 gnolls.

Vanquished Creatures
  An adder (D:2)
  2 dart slugs (D:2)
  A ribbon worm (D:2)
  4 ball pythons
  4 endoplasms
  A giant cockroach (D:2)
  3 goblins (D:1)
  4 hobgoblins
  A quokka (D:1)
  6 bats (D:1)
  3 frilled lizards
  5 kobolds
  6 rats
41 creatures vanquished.

Notes
Turn   | Place    | Note
-------+----------+-------------------------------------------
     0 | D:1      | Newt the Kobold Hunter began the quest for the Orb.
     0 | D:1      | Reached XP level 1. HP: 12/12 MP: 1/1
   159 | D:1      | Reached XP level 2. HP: 18/18 MP: 2/2
   387 | D:1      | Reached skill level 6 in Ranged Weapons
   493 | D:1      | Reached XP level 3. HP: 22/22 MP: 3/3
  1565 | D:2      | Reached XP level 4. HP: 28/28 MP: 4/4
  1910 | D:2      | Mangled by a gnoll

Illustrated notes

Levels and vault maps discovered:
D:1:      roderic_crop_circles_arrival_small, layout_loops_ring
D:2:      layout_basic, feat_on_display

Skill      XL: |  1  2  3 |
---------------+----------+-----
Ranged Weapons | 6 |  6.6
Fighting       | 3 |  3.1
Dodging        | |  2.4
Stealth        | |  1.3

Action                     |  1- 3 |  4- 6 || total
---------------------------+-------+-------++-------
   Fire: Shortbow          |    93 |    12 ||   105
    Use: Scroll            |     2 |     1 ||     3
 Armour: Leather armour    |    22 |     3 ||    25
  Dodge: Dodged            |    36 |     1 ||    37

Table legend: (Time is in decaauts)
 A = Elapsed time spent in this place.
 B = Non-inter-level travel time spent in this place.
 C = Inter-level travel time spent in this place.
 D = Time resting spent in this place.
 E = Time spent auto-exploring this place.
 F = Levels seen in this place.
 G = Mean time per level.
                   A        B        C        D        E       F      G
               +--------+--------+--------+--------+--------+-----+--------+
         Total |   1926 |   1901 |     25 |    250 |   1409 |   2 |  963.0 |
       Dungeon |   1926 |   1901 |     25 |    250 |   1409 |   2 |  963.0 |
               +--------+--------+--------+--------+--------+-----+--------+

Top non-repeatable levels by time:
     D:2: 1122 daAuts
     D:1: 804 daAuts
